 Dungeon Crawl Stone Soup version 0.29-a0-418-gc0181ea820 (webtiles) character file.

Game seed: 8635890651471280491

282 Hubjo the Magician (level 6, -7/36 HPs)
             Began as a Deep Elf Fire Elementalist on May 17, 2022.
             Was an Initiate of Ashenzari.
             Mangled by Sigmund
             ... wielding a +0 scythe
              (11 damage)
             ... on level 3 of the Dungeon.
             The game lasted 00:03:43 (3569 turns).

Hubjo the Magician (Deep Elf Fire Elementalist)     Turns: 3569, Time: 00:03:44

Health: -7/36      AC:  2    Str:  7    XL:     6   Next: 6%
Magic:  11/14      EV: 12    Int: 22    God:    Ashenzari [......]
Gold:   121        SH:  0    Dex: 15    Spells: 13/14 levels left

rFire   . . .      SeeInvis .   i - +2 dagger (drain)
rCold   . . .      Faith    .   (no shield)
rNeg    . . .      Spirit   .   a - +0 robe
rPois   .          Reflect  .   (no helmet)
rElec   .          Harm     .   (no cloak)
rCorr   .          Rampage  .   (no gloves)
Will    .....                   (no boots)
Stlth   +++.......              (no amulet)
HPRegen 0.12/turn               (no ring)
MPRegen 0.14/turn               (no ring)

@: no status effects
A: hooves 1, strong 1, evolution 1
a: Renounce Religion, Curse Item


You were on level 3 of the Dungeon.
You worshipped Ashenzari.
Ashenzari was noncommittal.
You visited 1 branch of the dungeon, and saw 3 of its levels.

You collected 121 gold pieces.

Inventory:

Hand Weapons
 i - a +2 dagger of draining (weapon)
Armour
 a - a +0 robe (worn)
Jewellery
 m - a ring of willpower
Scrolls
 c - a scroll of identify
 g - a scroll of enchant weapon {unknown}
 h - a scroll of magic mapping {unknown}
 j - a scroll of noise
 k - a scroll of enchant armour {unknown}
 l - a scroll of teleportation {unknown}
 n - 2 scrolls of poison {unknown}
 o - a scroll of vulnerability {unknown}
Potions
 b - a potion of magic
 d - a potion of lignification
 e - 4 potions of curing


   Skills:
 + Level 2.9 Fighting
 - Level 2.4 Dodging
 + Level 4.3 Stealth
 + Level 4.5 Spellcasting
 - Level 1.1 Conjurations
 * Level 4.4 Fire Magic


You had 13 spell levels left.
You knew the following spells:

 Your Spells              Type           Power      Damage    Failure   Level
a - Foxfire               Conj/Fire      68%        2x1d7     3%          1

Your spell library contained the following spells:

 Spells                   Type           Power      Damage    Failure   Level
 Scorch                   Fire           48%        2d7       2%          2
 Conjure Flame            Conj/Fire      17%        6-21      10%         3
 Inner Flame              Hex/Fire       14%        N/A       13%         3
 Ozocubu's Armour         Ice            5%         N/A       32%         3
 Flame Wave               Conj/Fire      17%        2d6       32%         4
 Metabolic Englaciation   Hex/Ice        2%         N/A       96%         5
 Simulacrum               Ice/Necr       2%         N/A       100%        6


Dungeon Overview and Level Annotations

Branches:
Dungeon (3/15)

Altars:
Ashenzari
Kikubaaqudgha
Nemelex Xobeh
Okawaru

Annotations:
D:3 Sigmund


Innate Abilities, Weirdness & Mutations

You have large cloven feet.
Your muscles are strong. (Str +2)
You have hidden genetic potential.


Message History

You bump into the rock wall.
You feel less confused.
Sigmund hits you from afar with a +0 scythe!
Sigmund points at you and mumbles some strange words.
The magic dart hits you!
You conjure some foxfire!
You conjure some foxfire!
The foxfire hits Sigmund.
Sigmund is lightly wounded.
The foxfire hits Sigmund.
Sigmund is moderately wounded.
Sigmund casts a spell at you.
You are confused.
You're too confused to cast spells.
You're too confused to cast spells.
You're too confused to cast spells.
Unknown command.
The foxfire hits Sigmund.
Sigmund is moderately wounded.
The foxfire hits Sigmund!
Sigmund is heavily wounded.
Sigmund closely misses you.
You're too confused to cast spells.
You're too confused to cast spells.
Okay, then.
You are too confused!
Sigmund says, "Look into my eyes."
Sigmund hits you from afar with a +0 scythe!
Sigmund barely misses you.
You are too injured to fight recklessly!
You bump into the rock wall.
You bump into the rock wall.
Sigmund hits you but does no damage.
You feel less confused. Sigmund casts a spell at you.
The puff of flame hits you!
* * * LOW HITPOINT WARNING * * *
Casting: Foxfire (safe; 3% risk of failure)
Confirm with . or Enter, or press ? or * to list all spells.
You conjure some foxfire!
Sigmund hits you from afar with a +0 scythe!
You die...

#####...........#.# ##.###..#
.......#.#.####.#.####...##>.#
######...<.# #.#.....)#.....#
# ###.### ##.######...###.# ##
#.# ##...## ##.## #.#
.#######.# #.<...#####.####.#
.........# #.....@....#.....#
.#...##### #.....##.##.####.#
.......#######.v@....##.# #.#
............###v#######.# #.#
.......####.###.#######.# #.#
##...### #.............# #.#
#...# ######.#####..# #.####
###.# #.# #..# #....# #.# #.#
#..# ####.# # #.# #.# #..# #.#
# #.# #.# ###.#


You could see Sigmund (ally target).

Vanquished Creatures
  Grinder (D:3)
  3 adders
  A worm (D:2)
  3 dart slugs
  7 endoplasms
  13 giant cockroaches
  3 goblins
  3 hobgoblins
  A quokka (D:2)
  9 ball pythons
  2 bats (D:1)
  2 frilled lizards
  8 kobolds
  3 rats (D:1)
59 creatures vanquished.

Vanquished Creatures (collateral kills)
  3 foxfires (D:3)
3 creatures vanquished.

Vanquished Creatures (others)
  351 foxfires
351 creatures vanquished.

Grand Total: 413 creatures vanquished

Notes
Turn   | Place    | Note
-------+----------+-------------------------------------------
     0 | D:1      | Hubjo the Deep Elf Fire Elementalist began the quest for
                  | the Orb.
     0 | D:1      | Reached XP level 1. HP: 10/10 MP: 6/6
   402 | D:1      | Reached XP level 2. HP: 16/16 MP: 0/8
   840 | D:1      | Reached skill level 1 in Fighting
   849 | D:1      | Found a faded altar of an unknown god.
   854 | D:1      | Prayed at the altar of an unknown god.
   854 | D:1      | Became a worshipper of Ashenzari the Shackled
  1312 | D:2      | Found a sparkling altar of Nemelex Xobeh.
  1403 | D:2      | Reached XP level 3. HP: 20/20 MP: 4/9
  2299 | D:2      | Reached XP level 4. HP: 26/26 MP: 6/11
  2462 | D:2      | Gained mutation: You have a pair of small horns on your
                  | head. [potion of mutation]
  2463 | D:2      | Lost mutation: You have a pair of small horns on your head.
                  | [potion of mutation]
  2463 | D:2      | Gained mutation: You have hidden genetic potential. [potion
                  | of mutation]
  2463 | D:2      | Gained mutation: You have large cloven feet. [potion of
                  | mutation]
  2573 | D:3      | Noticed Grinder
  2587 | D:3      | Killed Grinder
  2588 | D:3      | Reached XP level 5. HP: 32/32 MP: 0/13
  2589 | D:3      | Gained mutation: Your muscles are strong. (Str +2) [hidden
                  | potential]
  2725 | D:3      | Reached XP level 6. HP: 36/36 MP: 11/14
  2821 | D:3      | Found an ancient bone altar of Kikubaaqudgha.
  3259 | D:3      | Found an iron altar of Okawaru.
  3541 | D:3      | Noticed Sigmund
  3569 | D:3      | Mangled by Sigmund

Illustrated notes

Levels and vault maps discovered:
D:1:      onia_arrival_mini_spirals, layout_basic,
          hellmonk_ecumenical_altar_heavens_door, serial_curves, eino_curves_04,
          eino_curves_04, eino_curves_01, eino_curves_03
D:2:      minmay_roachtagon, layout_rooms, basic_altar
D:3:      layout_loops_ring, grunt_temple_overflow_opulence,
          mainiacjoe_overflow_boulevard, lemuel_coloured_pillars_altar,
          uniq_grinder, uniq_sigmund

Skill      XL: |  1  2  3  4 |
---------------+-------------+-----
Fighting       | 1 2 |  2.9
Stealth        | 3 4 |  4.3
Spellcasting   | 4 |  4.5
Fire Magic     | 4 |  4.4
Dodging        | |  2.4
Conjurations   | |  1.1

Action                   |  1- 3 |  4- 6 || total
-------------------------+-------+-------++-------
Melee: Dagger            |       |     1 ||     1
 Cast: Foxfire           |   146 |    77 ||   223
  Use: Scroll            |       |     3 ||     3
       Potion            |       |     2 ||     2
Armor: Robe              |    14 |     2 ||    16
Dodge: Dodged            |    34 |    15 ||    49

Table legend: (Time is in decaauts)
 A = Elapsed time spent in this place.
 B = Non-inter-level travel time spent in this place.
 C = Inter-level travel time spent in this place.
 D = Time resting spent in this place.
 E = Time spent auto-exploring this place.
 F = Levels seen in this place.
 G = Mean time per level.
                   A        B        C        D        E       F      G
               +--------+--------+--------+--------+--------+-----+--------+
         Total |   3567 |   3513 |     54 |      0 |   3056 |   3 | 1189.0 |
       Dungeon |   3567 |   3513 |     54 |      0 |   3056 |   3 | 1189.0 |
               +--------+--------+--------+--------+--------+-----+--------+

Top non-repeatable levels by time:
     D:1: 1311 daAuts
     D:2: 1209 daAuts
     D:3: 1046 daAuts
